Map: Nightscape LE

Players

Fluo - Winner!

  • Race: Zerg Zerg
  • League: Diamond

Xhilbert - Winner!

  • Race: Protoss Protoss
  • League: Diamond

qqq

  • Race: Zerg Zerg

Massa

  • Race: Terran Terran
  • League: Platinum

VOD

Have the link to the VOD?

Description

Time

  • Played on: April 15, 2021, 4:26 p.m.
  • Length: 18:57
Show
View Real Time Build Order
Export as new Build Order

Fluo Zerg - Winner!

Build Orders: Hatch First, Lurkers 

Get SALT Encoding   

  12  0:00  Drone  
  13  0:13  Overlord  
  13  0:16  Drone  
  14  0:31  Drone  
  14  0:32  Drone  
  16  0:37  Drone  
  17  0:55  Drone  
  18  1:00  Hatchery  
  18  1:02  Drone  
  18  1:13  Spawning Pool  
  18  1:16  Extractor  
  16  1:19  Drone  
  16  1:25  Drone  
  18  1:40  Drone x2  
  20  1:51  Overlord  
  20  2:04  Queen  
  22  2:11  Queen  
  22  2:13  Zergling x6  
  27  2:22  Metabolic Boost  
  27  2:37  Drone x2  
  29  2:43  Hatchery, Drone x2  
  30  2:57  Overlord  
  30  2:58  Drone x3  
  33  3:07  Baneling Nest  
  33  3:08  Zergling x2  
  33  3:11  Zergling x2  
  34  3:22  Drone  
  34  3:23  Zergling x8  
  39  3:30  Drone x3  
  42  3:35  Overlord  
  42  3:52  Baneling x3  
  42  3:53  Drone x3, Baneling  
  45  3:59  Evolution Chamber  
  45  4:00  Drone x2, Evolution Chamber  
  45  4:01  Drone  
  46  4:13  Zergling x8  
  46  4:14  Zergling x4  
  52  4:35  Zergling x2  
  52  4:36  Zergling x10  
  58  4:45  Baneling  
  57  4:47  Baneling x2  
  49  5:17  Overlord x3  
  49  5:18  Baneling x5  
  49  5:19  Baneling x3  
  48  5:27  Queen  
  48  5:31  Extractor  
  48  5:32  Extractor  
  33  5:53  Zergling x18  
  37  6:09  Zergling x10  
  41  6:17  Zergling x2  
  41  6:18  Zergling x2  
  41  6:19  Queen  
  41  6:22  Zerg Melee Weapons Level 1  
  43  6:28  Baneling x5  
  39  7:00  Overlord x4  
  35  7:12  Drone x2  
  35  7:28  Hatchery, Drone x5  
  39  7:32  Zerg Ground Armor Level 1  
  39  7:43  Lair  
  39  7:49  Zergling x6  
  42  7:58  Baneling x4  
  42  8:00  Zergling x4  
  42  8:01  Zergling x4  
  46  8:06  Hatchery  
  45  8:28  Zerg Missile Weapons Level 1  
  45  8:33  Drone x5  
  45  8:34  Drone x6  
  56  8:43  Zergling x4  
  58  8:57  Zergling x10  
  63  9:05  Hydralisk Den  
  62  9:15  Queen  
  64  9:17  Queen  
  58  9:39  Zergling x2  
  58  9:40  Zergling x32  
  64  9:46  Zergling x2  
  64  9:47  Zergling x2  
  65  9:53  Queen, Zergling x4  
  66  10:04  Centrifical Hooks  
  66  10:06  Grooved Spines  
  66  10:08  Zerg Melee Weapons Level 2  
  66  10:13  Drone x12  
  78  10:16  Extractor, Baneling  
  78  10:17  Extractor, Baneling x6  
  76  10:34  Drone x3  
  76  10:35  Drone  
  80  10:36  Overlord x3  
  80  10:37  Overlord x5  
  80  10:46  Lurker Den  
  80  10:47  Drone  
  80  10:48  Extractor  
  78  11:19  Baneling  
  78  11:20  Baneling x7, Zergling x2  
  78  11:21  Zergling x32  
  78  11:22  Zergling x2  
  96  11:34  Spore Crawler  
  96  11:37  Spore Crawler  
  96  11:38  Hydralisk  
  96  11:39  Hydralisk x3, Spore Crawler  
  101  11:42  Spore Crawler  
  101  11:44  Spore Crawler  
  99  11:53  Hydralisk x4  
  92  12:17  Hydralisk x6  
  102  12:29  Baneling x5  
  101  12:44  Drone  
  101  12:45  Drone x16  
  86  13:19  Zergling x12  
  90  13:20  Zergling x18  
  93  13:30  Extractor  
  93  13:31  Extractor, Zerg Missile Weapons Level 2  
  93  13:32  Zerg Ground Armor Level 2  
  91  13:40  Lurker x2  
  91  13:41  Lurker x3  
  96  13:44  Zergling x14  
  96  13:45  Zergling x6  
  106  13:52  Lurker  
  107  13:56  Baneling x6  
  107  13:57  Baneling  
  107  13:58  Overlord x4  
  107  14:08  Lurker Den  
  106  14:20  Hydralisk  
  106  14:21  Hydralisk x3  
  114  14:24  Zergling x6  
  114  14:25  Zergling x8  
  114  14:49  Zergling x2  
  114  14:50  Zergling x20  
  122  15:06  Lurker x4  
  118  15:07  Zergling x2  
  118  15:08  Zergling x14  
  118  15:10  Queen  
  122  15:17  Hydralisk x4  
  128  15:32  Hydralisk  
  128  15:33  Hydralisk x3  
  136  15:36  Baneling x10  
  136  15:37  Baneling x9  
  131  16:00  Hydralisk x6  
  131  16:01  Hydralisk x2  
  133  16:28  Zergling x2  
  133  16:29  Zergling x26  
  133  16:31  Baneling  
  133  16:32  Baneling x9  
  147  16:33  Baneling  
  147  16:50  Zergling x4  
  147  16:51  Zergling x12  
  150  17:07  Zergling x2  
  150  17:08  Hydralisk x4  
  159  17:18  Infestation Pit  
  159  17:22  Hydralisk  
  160  17:24  Overlord x4  
  160  17:33  Baneling  
  160  17:34  Baneling x10  
  160  17:40  Baneling x6  
  160  17:41  Baneling  
  160  17:53  Zergling x32  
  160  17:54  Zergling x2  
  160  17:56  Baneling  
Show
View Real Time Build Order
Export as new Build Order

Xhilbert Protoss - Winner!

Build Orders: 1 Gate Expand, Carriers 

Get SALT Encoding   

  12  0:00  Probe  
  13  0:12  Probe  
  14  0:16  Pylon  
  14  0:24  Probe  
  15  0:36  Probe (Chrono Boost)  
  15  0:38  Gateway  
  16  0:48  Probe (Chrono Boost)  
  17  0:53  Probe (Chrono Boost)  
  17  0:54  Assimilator  
  18  1:03  Probe  
  19  1:22  Nexus  
  18  1:37  Cybernetics Core  
  18  1:39  Probe  
  19  1:42  Assimilator  
  19  1:49  Pylon  
  19  1:51  Probe  
  20  2:03  Probe  
  21  2:15  Probe, Stalker  
  24  2:27  Probe (Chrono Boost)  
  25  2:33  Pylon  
  27  2:37  Probe (Chrono Boost), Stargate  
  27  2:39  Probe (Chrono Boost)  
  28  2:47  Probe x2 (Chrono Boost)  
  29  2:52  Probe (Chrono Boost)  
  29  2:53  Probe, Stalker  
  33  3:00  Warp Gate  
  33  3:03  Probe  
  34  3:08  Shield Battery  
  34  3:09  Probe  
  35  3:15  Probe, Void Ray  
  36  3:22  Probe  
  41  3:27  Probe  
  41  3:34  Probe, Stalker  
  45  3:39  Probe  
  45  3:40  Assimilator  
  46  3:46  Probe  
  47  3:48  Gateway  
  47  3:51  Probe  
  47  3:52  Void Ray  
  48  3:58  Probe  
  53  4:04  Probe  
  54  4:14  Pylon  
  54  4:19  Forge  
  54  4:32  Probe  
  54  4:33  Probe  
  54  4:37  Assimilator  
  54  4:38  Void Ray  
  56  4:45  Probe x2  
  62  4:54  Nexus  
  62  4:57  Pylon  
  62  5:00  Pylon  
  62  5:04  Pylon  
  62  5:08  Pylon  
  62  5:12  Probe  
  57  5:18  Probe  
  58  5:24  Probe, Void Ray (Chrono Boost)  
  58  5:26  Pylon  
  59  5:30  Probe, Assimilator  
  59  5:33  Assimilator  
  64  5:36  Probe, Pylon  
  62  5:42  Probe, Stalker  
  62  5:43  Stalker  
  62  5:46  Protoss Air Weapons Level 1  
  62  5:48  Probe  
  67  5:54  Probe  
  68  5:57  Photon Cannon  
  68  5:58  Void Ray (Chrono Boost)  
  68  5:59  Photon Cannon  
  68  6:01  Probe  
  69  6:04  Photon Cannon  
  69  6:07  Probe  
  69  6:10  Gateway  
  74  6:15  Gateway  
  74  6:31  Stargate  
  74  6:33  Stargate  
  74  6:39  Void Ray  
  78  7:03  Probe x3  
  81  7:15  Probe x3  
  84  7:27  Probe x3  
  84  7:28  Void Ray  
  91  7:39  Probe x3  
  91  7:42  Nexus  
  94  7:47  Pylon, Fleet Beacon  
  94  7:50  Pylon x2  
  94  7:51  Probe x2  
  94  7:52  Probe, Photon Cannon, Pylon  
  94  7:53  Void Ray x2, Pylon  
  94  7:56  Photon Cannon, Pylon  
  97  7:58  Pylon  
  97  8:00  Photon Cannon  
  97  8:04  Photon Cannon  
  105  8:07  Cybernetics Core  
  105  8:09  Protoss Shields Level 1, Pylon  
  105  8:10  Protoss Air Armor Level 1 (Chrono Boost)  
  105  8:14  Pylon  
  105  8:15  Photon Cannon  
  105  8:19  Photon Cannon  
  105  8:21  Twilight Council  
  105  8:25  Photon Cannon  
  105  8:28  Photon Cannon  
  105  8:30  Photon Cannon  
  105  8:31  Probe x2  
  105  8:32  Probe  
  105  8:33  Photon Cannon  
  108  8:50  Flux Vanes  
  108  8:51  Carrier  
  108  8:52  Carrier x2  
  126  8:56  Mothership (Chrono Boost)  
  134  9:21  Protoss Air Weapons Level 2 (Chrono Boost)  
  127  9:55  Nexus  
  127  9:58  Pylon  
  127  10:01  Pylon  
  127  10:05  Photon Cannon  
  127  10:09  Photon Cannon, Protoss Air Armor Level 2 (Chrono Boost)  
  127  10:10  Carrier  
  127  10:12  Photon Cannon  
  133  10:15  Shield Battery  
  133  10:17  Robotics Facility  
  133  10:23  Shield Battery  
  133  10:28  Shield Battery  
  133  10:31  Pylon  
  133  10:34  Protoss Shields Level 2 (Chrono Boost)  
  133  10:35  Pylon  
  133  10:37  Photon Cannon  
  133  10:39  Probe x2  
  133  10:40  Photon Cannon  
  133  10:42  Shield Battery  
  135  10:43  Probe  
  136  10:50  Nexus  
  136  10:52  Pylon  
  128  11:08  Carrier x2  
  148  11:13  Stargate, Mothership (Chrono Boost)  
  148  11:16  Stargate  
  136  11:25  Pylon  
  136  11:28  Pylon  
  136  11:31  Carrier, Pylon  
  134  11:36  Photon Cannon  
  122  11:40  Photon Cannon  
  122  11:55  Protoss Air Weapons Level 3 (Chrono Boost), Assimilator  
  122  11:59  Assimilator  
  122  12:03  Photon Cannon  
  122  12:17  Carrier  
  122  12:18  Carrier  
  135  12:37  Probe (Chrono Boost)  
  135  12:41  Assimilator  
  135  12:45  Assimilator  
  135  12:46  Protoss Air Armor Level 3 (Chrono Boost), Photon Cannon, Probe (Chrono Boost)  
  135  12:48  Observer  
  135  12:49  Photon Cannon  
  137  12:51  Probe (Chrono Boost)  
  137  12:52  Photon Cannon  
  137  12:54  Shield Battery  
  137  12:57  Shield Battery  
  138  13:03  Probe  
  139  13:15  Probe  
  140  13:23  Carrier x3  
  158  13:54  Probe (Chrono Boost)  
  159  14:01  Carrier x2  
  171  14:04  Probe (Chrono Boost)  
  171  14:09  Probe (Chrono Boost)  
  173  14:21  Probe  
  174  14:27  Carrier x3  
  186  14:33  Probe  
  154  14:58  Protoss Shields Level 3 (Chrono Boost)  
  148  15:05  Probe (Chrono Boost), Carrier x2, Mothership (Chrono Boost)  
  170  15:14  Probe (Chrono Boost)  
  170  15:19  Probe (Chrono Boost)  
  171  15:31  Probe  
  172  15:44  Probe (Chrono Boost)  
  172  15:47  Nexus  
  172  15:49  Assimilator  
  173  15:53  Assimilator  
  173  15:56  Carrier x3, Pylon  
  191  16:00  Pylon  
  191  16:03  Pylon  
  191  16:07  Pylon  
  191  16:37  Photon Cannon  
  191  16:39  Photon Cannon  
  191  16:42  Photon Cannon  
  191  16:46  Photon Cannon  
  191  16:50  Photon Cannon  
  191  16:52  Photon Cannon  
  191  17:08  Carrier  
  197  17:13  Stargate  
  197  17:15  Stargate, Nexus  
  197  17:17  Stargate  
  197  17:44  Pylon  
  197  17:46  Pylon  
  197  17:49  Pylon  
  197  17:53  Pylon  
  197  17:56  Pylon  
  189  18:54  Shield Battery  
Show
View Real Time Build Order
Export as new Build Order

qqq Zerg 

Build Orders: Hatch First 

Get SALT Encoding   

  12  0:04  Drone  
  13  0:08  Drone  
  14  0:26  Overlord  
  14  0:49  Hatchery  
  13  0:51  Drone x2  
  16  0:57  Drone  
  16  1:09  Drone  
  17  1:20  Spawning Pool  
  17  1:21  Extractor  
  17  1:23  Drone  
  16  1:31  Drone  
  17  1:37  Drone  
  18  1:45  Drone  
  19  1:57  Drone  
  20  2:01  Drone  
  20  2:08  Queen  
  21  2:09  Queen  
  21  2:12  Drone  
  26  2:19  Overlord  
  26  2:26  Metabolic Boost  
  26  2:45  Drone x4, Overlord  
  26  2:48  Zergling x2  
  31  2:56  Zergling x2  
  31  2:58  Zergling x2  
  33  3:04  Evolution Chamber  
  32  3:07  Zergling x2  
  32  3:08  Zergling x2  
  34  3:18  Zergling x2  
  34  3:19  Zergling x4  
  37  3:20  Overlord  
  37  3:21  Zergling x2  
  38  3:29  Zergling x2  
  38  3:32  Zerg Melee Weapons Level 1  
  38  3:33  Zergling x4  
  41  3:37  Zergling x4  
  43  3:45  Zergling x2  
  43  3:46  Zergling x2, Baneling Nest  
  44  3:52  Zergling x4  
  46  3:56  Zergling x4  
  46  4:01  Overlord  
  48  4:04  Drone  
  49  4:19  Zergling x6  
  49  4:20  Drone, Overlord  
  53  4:26  Zergling x4  
  50  4:47  Baneling x5  
  50  4:48  Baneling  
  50  4:49  Zergling x8  
  50  4:50  Zergling x4  
  51  5:09  Zergling x6  
  51  5:10  Zergling x8  
  55  5:17  Zergling x4  
  57  5:25  Queen x2  
  61  5:28  Baneling x2  
  61  5:29  Baneling  
  61  5:30  Drone x2  
  54  5:49  Zergling x2  
  54  5:50  Zergling x6  
  49  6:10  Zergling x2  
  49  6:11  Zergling x6  
  48  6:18  Baneling x8  
  46  6:19  Baneling x2  
  46  6:20  Zergling x2  
  46  6:25  Zergling x2  
  48  6:31  Hatchery, Zergling x2  
  48  6:37  Zergling x2  
  49  6:45  Drone x2  
  51  6:47  Extractor  
  51  7:01  Zergling x6  
  44  7:19  Drone x7  
  44  7:20  Drone  
  52  7:25  Lair  
  52  7:28  Drone, Extractor  
  52  7:31  Queen  
  52  7:36  Drone x2  
  56  7:45  Spore Crawler  
  56  7:47  Drone x5  
  56  7:48  Drone x3  
  63  7:59  Drone x3, Extractor  
  65  8:06  Queen  
  67  8:15  Drone, Spore Crawler  
  67  8:16  Drone x3  
  67  8:19  Drone x2, Overlord  
  72  8:20  Drone  
  72  8:22  Overlord x2  
  72  8:26  Spire  
  72  8:27  Zergling x2  
  73  8:42  Zergling x8  
  73  8:43  Drone x3, Zergling x6  
  73  8:44  Zergling x6  
  86  8:54  Zergling x4  
  86  8:55  Zergling x2  
  90  9:02  Drone  
  90  9:03  Drone  
  90  9:05  Extractor  
  90  9:07  Extractor  
  89  9:12  Drone x2, Overlord  
  91  9:17  Spine Crawler  
  91  9:19  Spine Crawler  
  82  9:33  Hatchery  
  70  9:47  Mutalisk x5, Zergling x8  
  70  9:48  Mutalisk x2  
  86  9:59  Mutalisk x3  
  90  10:10  Mutalisk x3  
  96  10:14  Zerg Flyer Weapons Level 1  
  96  10:21  Mutalisk  
  96  10:24  Baneling  
  96  10:25  Baneling  
  96  10:27  Drone x3  
  101  10:36  Overlord  
  101  10:37  Drone x2  
  101  10:41  Baneling  
  103  10:43  Mutalisk  
  103  10:44  Overlord  
  103  10:45  Overlord x3  
  103  10:47  Corruptor  
  103  10:48  Corruptor  
  109  10:56  Mutalisk, Infestation Pit  
  108  11:03  Mutalisk  
  112  11:05  Drone x5  
  112  11:06  Drone x2  
  112  11:09  Spore Crawler  
  112  11:10  Spore Crawler  
  117  11:13  Mutalisk  
  119  11:27  Mutalisk x2  
  119  11:28  Mutalisk  
  119  11:29  Zergling x14  
  120  11:41  Corruptor x2  
  120  11:44  Drone x2  
  120  11:45  Drone x8  
  120  11:46  Drone  
  135  11:49  Extractor x2  
  135  11:51  Mutalisk  
  122  12:24  Corruptor x3  
  122  12:27  Baneling x7  
  122  12:29  Corruptor x2  
  128  12:34  Drone  
  128  12:35  Drone x8, Overlord  
  128  12:36  Drone x4, Overlord  
  145  12:44  Queen  
  147  12:53  Corruptor x3  
  147  12:54  Corruptor  
  130  13:15  Corruptor x5  
  130  13:19  Queen  
  134  13:22  Drone x5  
  134  13:23  Drone x4  
  145  13:30  Hive  
  145  13:35  Zerg Flyer Armor Level 1  
  145  13:40  Hatchery  
  144  13:43  Spore Crawler  
  144  13:45  Spore Crawler  
  144  13:46  Spine Crawler  
  144  13:47  Spine Crawler  
  140  13:51  Spine Crawler  
  140  13:54  Spore Crawler  
  138  14:00  Spine Crawler  
  137  14:09  Corruptor x5  
  141  14:10  Corruptor x3  
  141  14:12  Corruptor  
  155  14:18  Corruptor  
  157  14:24  Overseer x3  
  141  14:39  Corruptor x3  
  131  14:51  Zergling x2  
  131  14:52  Zergling x20  
  113  14:59  Zergling x4  
  105  15:12  Hatchery  
  102  15:22  Hatchery  
  102  15:23  Hatchery  
  100  15:33  Drone  
  100  15:34  Drone x2  
  103  15:39  Baneling x2  
  103  15:40  Baneling  
  93  16:20  Hydralisk Den  
  92  16:39  Drone x3  
  97  16:40  Drone x3  
  98  16:54  Spine Crawler  
  95  17:09  Zergling x8  
  95  17:10  Hydralisk x5  
  109  17:19  Lurker Den  
  109  17:21  Corruptor  
  110  17:24  Corruptor  
  110  17:25  Drone  
  110  17:27  Drone  
  110  17:29  Drone  
  115  17:34  Drone x2  
  115  17:35  Drone  
  118  17:55  Drone x2  
  118  17:56  Drone x8  
Show
View Real Time Build Order
Export as new Build Order

Massa Terran 

Build Orders: 2 Factory, Cyclone Opening 

Get SALT Encoding   

  12  0:00  SCV  
  13  0:12  SCV  
  14  0:22  Supply Depot  
  14  0:24  SCV  
  15  0:43  SCV  
  15  0:45  Barracks  
  16  0:53  Refinery  
  16  0:55  SCV  
  17  1:08  SCV  
  18  1:20  SCV  
  19  1:33  Orbital Command  
  19  1:40  Command Center  
  19  1:50  Marine  
  19  1:51  Refinery  
  20  2:02  SCV  
  20  2:04  Factory  
  21  2:09  Barracks Tech Lab  
  21  2:16  SCV  
  22  2:29  SCV  
  23  2:31  Factory  
  23  2:51  Supply Depot  
  23  2:52  SCV  
  23  2:53  Orbital Command  
  23  2:55  Barracks Tech Lab  
  23  2:57  Cyclone  
  27  3:01  Refinery  
  27  3:04  SCV  
  28  3:16  SCV  
  29  3:24  Cyclone  
  32  3:29  SCV x2  
  32  3:31  Cyclone  
  37  3:34  Barracks Tech Lab  
  37  3:41  SCV x2  
  39  3:42  Engineering Bay  
  39  3:53  SCV x2  
  41  3:56  Cyclone  
  44  4:09  Supply Depot  
  44  4:12  Refinery  
  44  4:17  Missile Turret  
  44  4:25  Mag-Field Accelerator  
  44  4:30  Cyclone  
  47  4:31  Supply Depot  
  47  4:34  Missile Turret  
  47  4:55  Supply Depot  
  44  5:01  Cyclone  
  44  5:02  Cyclone  
  47  5:18  Supply Depot  
  44  5:33  Cyclone  
  47  5:43  SCV  
  47  5:44  SCV, Terran Infantry Weapons Level 1  
  47  5:46  Stimpack  
  49  5:54  Barracks  
  49  5:56  SCV x2, Barracks  
  51  5:57  Barracks  
  51  6:08  SCV x2  
  53  6:20  SCV  
  54  6:26  Cyclone x2  
  60  6:36  Supply Depot  
  60  6:37  Supply Depot x2  
  60  6:58  Cyclone x2  
  66  7:02  Supply Depot  
  66  7:05  Supply Depot  
  54  7:14  Barracks Reactor x2  
  54  7:15  Barracks Reactor  
  51  7:16  Marine  
  51  7:17  SCV x2  
  54  7:23  Command Center  
  54  7:29  SCV x2  
  56  7:30  Cyclone x2  
  56  7:31  Armory  
  56  7:34  Marine  
  56  7:35  Starport  
  63  7:39  Terran Infantry Armor Level 1  
  63  7:41  SCV  
  64  7:52  Marine  
  64  7:54  Combat Shield  
  64  7:55  Marine x3  
  64  7:56  Marine x3  
  71  8:02  Cyclone x2  
  77  8:09  Marine, Supply Depot  
  77  8:10  Supply Depot  
  78  8:13  Marine x3  
  78  8:14  Marine x3  
  84  8:20  Starport Reactor  
  84  8:22  Terran Vehicle And Ship Armor Level 1  
  84  8:27  Marine  
  84  8:31  Marine x3  
  84  8:32  Marine x3  
  91  8:34  Cyclone x2  
  97  8:45  Marine  
  98  9:02  Marine x6  
  101  9:03  Marine  
  101  9:04  Medivac x2  
  109  9:13  Concussive Shells  
  109  9:19  Marine  
  109  9:20  Marine x2  
  112  9:33  Medivac  
  111  9:46  Cyclone x2  
  111  9:47  Marine  
  111  9:48  Marine x6  
  123  10:01  SCV x2  
  123  10:05  Marine  
  123  10:06  Marine x5  
  131  10:13  SCV x2  
  133  10:18  Cyclone x2  
  133  10:19  Missile Turret  
  139  10:25  SCV  
  140  10:37  Missile Turret  
  140  10:38  SCV x2  
  140  10:40  Orbital Command  
  142  10:50  SCV x2, Siege Tank  
  147  10:58  Missile Turret  
  147  11:02  SCV x2  
  149  11:04  Thor  
  149  11:11  Orbital Command  
  137  11:14  SCV x2  
  137  11:22  Thor  
  143  11:26  SCV x2  
  143  11:32  Medivac x2  
  149  11:33  Terran Infantry Weapons Level 2  
  149  11:37  Engineering Bay  
  149  11:47  Supply Depot x3  
  149  11:49  Supply Depot  
  149  12:03  Command Center  
  149  12:08  SCV x3, Medivac  
  149  12:10  Missile Turret  
  149  12:12  Missile Turret  
  149  12:13  Missile Turret  
  142  12:20  SCV x3  
  145  12:27  Thor x2  
  157  12:31  Marine x2  
  157  12:32  Marine x5  
  157  12:34  Terran Infantry Armor Level 2  
  164  12:44  SCV x3  
  166  12:49  Marine x7  
  174  12:56  SCV x3  
  174  12:57  Refinery  
  174  12:58  Refinery  
  167  13:07  Marine  
  167  13:08  SCV  
  133  13:14  Marine x6  
  131  13:23  Thor x2  
  131  13:24  Marine  
  131  13:26  Medivac x2  
  148  13:31  Smart Servos  
  148  13:32  Marine x6  
  154  13:41  Planetary Fortress, Missile Turret  
  154  13:42  Marine  
  155  13:55  Command Center  
  155  13:57  Refinery  
  155  14:01  Refinery  
  155  14:04  Terran Vehicle And Ship Armor Level 2  
  155  14:06  Terran Infantry Weapons Level 3, Thor  
  159  14:44  Marine  
  159  14:45  Marauder, Marine x3  
  162  14:46  Marine x2  
  162  14:47  Siege Tank  
  162  14:49  Drilling Claws, Medivac x2, Siege Tank  
  177  15:02  Marine  
  177  15:03  Marine x3  
  181  15:07  Marauder  
  108  16:26  Marine  
  108  16:27  Marine x6  
  109  16:34  Command Center  
  109  16:39  Thor x2  
  121  16:44  Marine  
  121  16:45  Marine x6  
  128  16:50  Barracks  
  128  16:51  Barracks  
  123  17:02  Marine x4  
  127  17:14  Sensor Tower  
  127  17:20  Missile Turret x2  
  127  17:40  Missile Turret x2  
  127  17:59  Command Center  
  127  18:02  Missile Turret  
  127  18:12  Sensor Tower  
  126  18:19  Marauder, Marine x2  
  126  18:20  Marine x2  
  111  18:30  Missile Turret  
Tags
 
Add a new tag
Caveats
  • Supply blocks, unpowered buildings, or Contaminate may cause inaccurate times.
  • Supply counts are checked every 10 seconds.